 Seeded DCSS version 0.31-a0-75-g6fe912e8c5 (webtiles) character file.

Game seed: 12735965570273765983 (custom seed)

2874 Pimp the Poker (level 9, -5/67 (69) HPs)
             Began as a Merfolk Warper on May 23, 2023.
             Was a Believer of Okawaru.
             Killed from afar by Erica (26 damage)
             ... with a bolt of poison
             ... on level 8 of the Dungeon.
             The game lasted 00:11:47 (5127 turns).

Pimp the Poker (Merfolk Warper)                     Turns: 5127, Time: 00:11:49

HP:   -5/67 (69)    AC:  7    Str: 13    XL:     9   Next: 76%
MP:   25/25         EV: 20    Int: 13    God:    Okawaru [**....]
Gold: 280           SH:  0    Dex: 15    Spells: 17/17 levels left

rFire   . . .        h - +1 demon trident (venom)
rCold   . . .        (no shield)
rNeg    . . .        b - +0 leather armour
rPois   .            (no helmet)
rElec   +            (no cloak)
rCorr   .            j - +0 pair of gloves
SInv    .            e - +2 pair of boots "Zues" {rElec Will+}
Will    +....        (no amulet)
Stlth   +            m - +5 ring of evasion
HPRegen 0.31/turn    o - ring of magical power
MPRegen 0.19/turn

%: no passive effects
@: lethally poisoned (-5 -> -22), slowed, studying Shields, lightly drained,
very slow
A: (nimble swimmer 2), mertail
a: Renounce Religion, Heroism


You were on level 8 of the Dungeon.
You worshipped Okawaru.
Okawaru was pleased with you.
You visited 2 branches of the dungeon, and saw 9 of its levels.
You also visited: Ossuary.

You collected 280 gold pieces.

Inventory:

Hand Weapons
 a - a +0 spear
 h - a +1 demon trident of venom (weapon)
Missiles
 d - 6 boomerangs of dispersal (quivered)
 k - 4 boomerangs
Armour
 b - a +0 leather armour (worn)
 e - the +2 pair of boots "Zues" (worn) {rElec Will+}
   (You acquired it on level 1 of the Dungeon)

   rElec:     It insulates you from electricity.
   Will:      It increases your willpower.
 j - a +0 pair of gloves (worn)
Jewellery
 f - a ring of protection from cold
 m - a +5 ring of evasion (left hand)
 o - a ring of magical power (right hand)
 p - an amulet of the acrobat
 E - a +4 ring of slaying
 I - a ring of magical power
Wands
 B - a wand of light (19)
 C - a wand of paralysis (11)
Scrolls
 c - 3 scrolls of blinking
 q - a scroll of amnesia {unknown}
 r - 3 scrolls of identify
 s - a scroll of enchant weapon {unknown}
 v - a scroll of fear {unknown}
 w - 2 scrolls of torment {unknown}
 y - 2 scrolls of fog {unknown}
 F - a scroll of enchant armour {unknown}
 G - a scroll of teleportation {unknown}
 H - a scroll of silence {unknown}
Potions
 g - 2 potions of attraction {unknown}
 i - 6 potions of mutation
 l - 2 potions of brilliance {unknown}
 n - a potion of ambrosia {unknown}
 t - a potion of haste {unknown}
 u - 2 potions of resistance {unknown}
 x - a potion of might {unknown}
 z - 2 potions of heal wounds {unknown}
 A - a potion of enlightenment {unknown}
 D - 3 potions of cancellation {unknown}


   Skills:
 + Level 6.0 Fighting
 + Level 7.2 Polearms
 + Level 4.8 Throwing
 + Level 3.6 Armour
 + Level 6.9 Dodging
 + Level 4.8 Spellcasting
 + Level 4.6 Translocations


You had 17 spell levels left.
You didn't know any spells.
Your spell library contained the following spells:

 Spells                   Type           Power      Damage    Failure   Level
 Blink                    Tloc           30%        N/A       5%          2
 Lesser Beckoning         Tloc           30%        N/A       5%          2
 Teleport Other           Tloc           15%        N/A       11%         3
 Vhi's Electric Charge    Tloc/Air       14%        N/A       34%         3
 Volatile Blastmotes      Fire/Tloc      14%        2d11      34%         3
 Manifold Assault         Tloc           15%        N/A       34%         4
 Dazzling Flash           Conj/Hex       2%         N/A       65%         3
 Iskenderun's Mystic Bla  Conj/Tloc      7%         2d4       75%         4
 Starburst                Conj/Fire      0%         6d3       100%        6


Dungeon Overview and Level Annotations

Branches:
Dungeon (8/15)             Temple (1/1) D:5         Ossuary (visited)
   Lair: D:8-11

Altars:
Dithmenos
Fedhas
Gozag
Hepliaklqana
Okawaru
Qazlal
Uskayaw
Vehumet
Wu Jian
Yredelemnul

Shops:
D:3 ?   D:4 =

Annotations:
D:8 1 transporter, Erica


Innate Abilities, Weirdness & Mutations

((You are very nimble when in or above water. (Stealth+, EV+, Speed+++)))
Your lower body shifts to a powerful aquatic tail in water.


Message History

* * * LOW HITPOINT WARNING * * *
Things that are here:
a +5 falchion; a +0 robe You see here a +0 leather armour.
There is a stone staircase leading down here.
The gnoll misses you.
You climb downwards.
Found four items.
Found an escape hatch in the ceiling.
Found a stone staircase leading down.
Found a transporter.
There is a stone staircase leading up here.
You start resting.
Erica is nearby!
You hit Erica.
Erica is poisoned.
Erica is lightly wounded.
Erica gestures at you while chanting.
You feel yourself slow down.
You hit Erica.
Erica looks as sick as possible!
Erica is moderately wounded.
Erica hits you but does no damage.
You closely miss Erica.
Erica is moderately wounded.
Erica completely misses you.
You closely miss Erica.
Erica is moderately wounded.
Erica hits you with a +0 scimitar of flaming.
Erica burns you.
* * * LOW HITPOINT WARNING * * *
Erica points at you and mumbles some strange words.
The lance of force misses you.
You puncture Erica!
Erica looks as sick as possible!
Erica is heavily wounded.
Erica points at you and mumbles some strange words.
You resist with almost no effort.
You hit Erica.
Erica looks as sick as possible!
Erica is severely wounded.
Erica misses you.
Erica points at you and mumbles some strange words.
The bolt of poison hits you!!
You are poisoned.
You die...

.... .... .
###... ######....
.#©.. #?........
##...##@####....
##.....#@####....
.....$..........
.......<.....<..
##[.............
##...>.........
##............
#............
.............


You could see Erica (extremely poisoned).

Vanquished Creatures
  The ghost of juan097 the Chopper, a novice MiFi of Ru (D:6)
  A troll (D:5)
  A steam dragon (D:7)
  2 ice beasts
  A sky beast (D:7)
  2 centaurs
  A phantom (D:5)
  An elf zombie (D:4)
  4 bullfrogs
  5 scorpions
  3 wights (D:7)
  A howler monkey (D:6)
  A centaur zombie (D:4)
  6 hounds
  3 jellies
  2 sleepcaps
  A human zombie (D:4)
  Jessica (D:2)
  A human skeleton (D:4)
  4 iguanas
  2 orc wizards
  4 mummies (Ossuary)
  5 gnolls
  5 adders
  A shadow imp (D:5)
  A white imp (D:6)
  An ufetubus (D:4)
  An adder zombie (D:4)
  5 worms
  5 dart slugs
  14 orcs
  8 ball pythons
  7 endoplasms
  A giant cockroach (D:3)
  2 gnoll zombies (Ossuary)
  5 goblins
  10 hobgoblins
  7 jackals
  5 quokkas
  4 bats
  3 frilled lizards
  2 hobgoblin zombies (Ossuary)
  6 kobolds
  3 kobold zombies (Ossuary)
  3 orc skeletons (D:4)
  An orc zombie (Ossuary)
  4 rats
157 creatures vanquished.

Notes
Turn   | Place    | Note
-------+----------+-------------------------------------------
     0 | D:1      | Pimp the Merfolk Warper began the quest for the Orb.
     0 | D:1      | Reached XP level 1. HP: 16/16 MP: 3/3
     4 | D:1      | Identified a scroll of acquirement
     4 | D:1      | Acquired the +2 pair of boots "Zues" {rElec Will+}
    41 | D:1      | Acquired a +1 demon trident of venom
    86 | D:1      | Reached XP level 2. HP: 6/22 MP: 5/5
   380 | D:1      | Reached skill level 3 in Polearms
   570 | D:1      | Reached XP level 3. HP: 28/28 MP: 6/6
   804 | D:2      | Noticed Jessica
   811 | D:2      | Killed Jessica
   812 | D:2      | Reached skill level 1 in Armour
   812 | D:2      | Reached XP level 4. HP: 30/34 MP: 7/7
  1088 | D:2      | Found an opulent altar of Gozag.
  1171 | D:3      | Found Liryusam's Magic Scroll Emporium.
  1242 | D:3      | Reached XP level 5. HP: 41/41 MP: 8/8
  1694 | D:4      | Reached skill level 4 in Polearms
  1707 | D:4      | Reached XP level 6. HP: 47/47 MP: 10/10
  1708 | D:4      | Found a sand-covered staircase.
  1714 | Ossuary  | Entered an ossuary
  2096 | D:4      | Found a radiant altar of Vehumet.
  2117 | D:4      | Reached XP level 7. HP: 41/53 MP: 11/11
  2406 | D:4      | Found a basalt altar of Yredelemnul.
  2527 | D:4      | Found a hazy altar of Hepliaklqana.
  2527 | D:4      | Found a blossoming altar of Fedhas.
  2578 | D:4      | Found a shadowy altar of Dithmenos.
  2614 | D:4      | Found Elafyh's Jewellery Emporium.
  2833 | D:5      | Entered Level 5 of the Dungeon
  2875 | D:5      | Reached skill level 5 in Polearms
  3042 | D:5      | Found a hide-covered altar of Uskayaw.
  3118 | D:5      | Found an ornate altar of the Wu Jian Council.
  3151 | D:5      | Reached XP level 8. HP: 61/61 MP: 13/13
  3157 | D:5      | Found a staircase to the Ecumenical Temple.
  3172 | D:5      | Reached skill level 5 in Dodging
  3181 | Temple   | Entered the Ecumenical Temple
  3197 | Temple   | Became a worshipper of Warmaster Okawaru
  3399 | D:5      | Noticed a troll
  3412 | D:5      | HP: 1/61 [troll (10)]
  3416 | D:5      | Killed a troll
  3416 | D:5      | Reached * piety under Okawaru
  3950 | D:6      | Reached skill level 5 in Fighting
  3950 | D:6      | Reached skill level 6 in Polearms
  4124 | D:6      | Reached XP level 9. HP: 53/68 MP: 15/15
  4239 | D:6      | Found a runed translucent door.
  4241 | D:6      | Noticed juan097's ghost (novice MiFi)
  4286 | D:6      | Killed juan097's ghost
  4286 | D:6      | Reached ** piety under Okawaru
  4295 | D:6      | Found a runed translucent door.
  4830 | D:7      | Reached skill level 7 in Polearms
  5115 | D:8      | Noticed Erica
  5115 | D:8      | Found a transporter.
  5127 | D:8      | Killed from afar by Erica

Illustrated notes

Levels and vault maps discovered:
D:1:      dpeg_arrival_long_road, layout_loops_cross, hex_tiny
D:2:      layout_rooms, basic_altar, uniq_jessica
D:3:      layout_rooms, serial_shops, shop, st_stairs_8, grunt_ministairs_10
D:4:      layout_basic, vehumet_crystals, lemuel_zombie_altar_yredelemnul,
          nicolae_dithmenos_shadow_blocks, nicolae_overflow_two_pavilions,
          serial_shops, kennysheep_mini, nicolae_ossuary_entry_catacombs
D:5:      layout_basic, nicolae_uskayaw_suspiria, mainiacjoe_overflow_boulevard,
          minmay_temple_entry_slanted, minmay_manual_monstrance
D:6:      layout_loops_ring, ebering_ghost_sewer_f
D:7:      layout_basic, mainiacjoe_overflow_tiny_flanked
D:8:      corexii_shack_village, layout_rooms, nemelex_spade_bored_becter,
          gammafunk_ghost_abyssal_escape, minmay_manual_mail, uniq_erica
Temple:   jpeg_temple_clearing

Skill      XL: |  1  2  3  4  5  6  7  8  9 |
---------------+----------------------------+-----
Polearms       | 3 4 5 6 7 |  7.2
Dodging        | 3 4 5 6 |  6.9
Armour         | 1 2 3 |  3.6
Fighting       | 3 4 5 6 |  6.0
Throwing       | 2 3 4 |  4.8
Translocations | 3 4 |  4.6
Spellcasting   | 3 4 |  4.8

Action                     |  1- 3 |  4- 6 |  7- 9 || total
---------------------------+-------+-------+-------++-------
  Melee: Demon trident     |    65 |   181 |   294 ||   540
         Punch             |     2 |     3 |     6 ||    11
  Throw: Boomerang         |     1 |       |       ||     1
    Use: Scroll            |     3 |       |       ||     3
         Potion            |       |       |     4 ||     4
   Stab: Sleeping          |       |     5 |     1 ||     6
 Armour: Leather armour    |    26 |    30 |    64 ||   120
  Dodge: Dodged            |    56 |   109 |   234 ||   399

Table legend: (Time is in decaauts)
 A = Elapsed time spent in this place.
 B = Non-inter-level travel time spent in this place.
 C = Inter-level travel time spent in this place.
 D = Time resting spent in this place.
 E = Time spent auto-exploring this place.
 F = Levels seen in this place.
 G = Mean time per level.
                   A        B        C        D        E       F      G
               +--------+--------+--------+--------+--------+-----+--------+
         Total |   5159 |   5013 |    146 |    344 |   3489 |  10 |  515.9 |
       Dungeon |   4918 |   4772 |    146 |    344 |   3360 |   8 |  614.8 |
        Temple |     32 |     32 |      0 |      0 |      0 |   1 |   32.0 |
       Ossuary |    207 |    207 |      0 |      0 |    129 |   1 |  207.0 |
               +--------+--------+--------+--------+--------+-----+--------+

Top non-repeatable levels by time:
     D:5: 1078 daAuts
     D:4: 988 daAuts
     D:6: 881 daAuts
     D:1: 811 daAuts
     D:3: 484 daAuts
     D:2: 364 daAuts
     D:7: 297 daAuts
 Ossuary: 207 daAuts
  Temple: 32 daAuts
     D:8: 13 daAuts
